 Dungeon Crawl Stone Soup version 0.17-a0-1625-g47e540b (webtiles) character file.

2640 runewalsh the Cleaver (level 9, -8/64 HPs)
             Began as an Octopode Gladiator on Aug 3, 2015.
             Was a Follower of Ashenzari.
             Mangled by an orc warrior
             ... wielding a +0 glaive
              (32 damage)
             ... on level 7 of the Dungeon.
             The game lasted 00:16:46 (5500 turns).

runewalsh the Cleaver (Octopode Gladiator)          Turns: 5500, Time: 00:16:46

Health: -8/64      AC:  1    Str: 14    XL:     9   Next: 61%
Magic:  9/9        EV: 12    Int: 14    God:    Ashenzari [*.....]
Gold:   327        SH:  0    Dex: 12    Spells: 0 memorised, 8 levels left

rFire  . . .     SeeInvis +     a - +0 war axe (curse)
rCold  + . .     Clarity  .     (no shield)
rNeg   . . .     SustAt   .     b - +0 hat (curse)
rPois  .         Gourm    .     (no amulet)
rElec  .         Spirit   .     k - ring of protection from cold (curse)
rCorr  .         Warding  .     v - ring of flight (curse)
rMut   .         Stasis   .     x - ring of see invisible
MR     .....                    (no ring)
Stlth  ++........               (no ring)
                                (no ring)
                                (no ring)
                                (no ring)

@: heavily drained, not resistant to hostile enchantments, unstealthy
A: almost no armour, amphibious, 8 rings, constrict 8, camouflage 1, blurry
vision 1, sense surroundings 1, regeneration 1, gelatinous body 1
a: Scrying, Renounce Religion, Evoke Flight


You were on level 7 of the Dungeon.
You worshipped Ashenzari.
Ashenzari was aware of your devotion.
You were not hungry.

You visited 1 branch of the dungeon, and saw 7 of its levels.

You collected 327 gold pieces.

Inventory:

Hand weapons
 a - a cursed +0 war axe (weapon)
Missiles
 c - 4 throwing nets (quivered)
Armour
 b - a cursed +0 hat (worn)
Jewellery
 k - a cursed ring of protection from cold (left tentacle)
 v - a cursed ring of flight (right tentacle)
 x - a ring of see invisible (on tentacle)
Magical devices
 y - a wand of magic darts (19)
Scrolls
 e - a scroll of random uselessness {unknown}
 g - a scroll of curse jewellery
 i - 2 scrolls of remove curse
 m - 2 scrolls of teleportation {unknown}
 p - 3 scrolls of amnesia {unknown}
 q - a scroll of curse weapon
 r - a scroll of enchant armour {unknown}
 t - a scroll of recharging {unknown}
 u - a scroll of enchant weapon {unknown}
 w - 3 scrolls of identify
 A - a scroll of blinking {unknown}
 B - a scroll of noise {unknown}
Potions
 n - a potion of brilliance
Comestibles
 d - 3 bread rations
 h - a beef jerky
 j - 2 slices of pizza
 s - a fruit


   Skills:
 + Level 7.5(5.6) Fighting
 * Level 10.6(8.6) Axes
 - Level 2.0(0.5) Throwing
 - Level 4.0(2.3) Dodging


You had 8 spell levels left.
You didn't know any spells.

Dungeon Overview and Level Annotations

Branches:
Dungeon (7/15)             Temple (0/1) D:4

Altars:
Ashenzari
Cheibriados
Dithmenos
Elyvilon
Kikubaaqudgha
Sif Muna
Trog
Xom
Zin

Annotations:
D:4 karlkraus's ghost, average MiFi
D:5 asdu's ghost, experienced TrHu


Innate Abilities, Weirdness & Mutations

You cannot wear most types of armour.
You are amphibious.
You can wear up to eight rings at the same time.
You can use your tentacles to constrict eight enemies at once.
Your skin changes colour to match your surroundings (Stealth).
Your rubbery body absorbs attacks (AC +1).
Scrolls take you a little longer to read.
You passively map a small area around you.
Your natural rate of healing is unusually fast.


Message History

Unknown command.
You hit the orc warrior. You squeeze the orc warrior.
The orc warrior is almost dead.
You constrict the orc warrior.
You feel sick. The orc warrior barely misses you.
The orc warrior closely misses you.
You barely miss the orc warrior. You squeeze the orc warrior.
You kill the orc warrior!
You feel sick. The orc warrior barely misses you.
You feel sick.
Things that are here:
a +1 trident of venom; an uncursed chain mail Drink which item? (? for menu, Esc to quit)
You feel better. The orc warrior barely misses you.
You closely miss the orc warrior. Your grab misses the orc warrior.
You squeeze the orc warrior.
The orc warrior is lightly wounded.
The orc warrior hits you with a glaive!!
Ouch! That really hurt!
You die...

#########.# #.# , ,
####.........# #.### *
, .....######### #...#,
,
###..###############)#
..............<.....รท#
* ,
#....#################
, ............ , ,, , ,
,
#####################,
*+ + *
..............oo@)..# ,
, ###################.#
,, #.# * , ###### #.#,
, #....# #.# #....# #.#
* ##########....#####.#
*,
..................#.#
#################.#.#


You could see an orc warrior and an orc.

Vanquished Creatures
  Menkaure (D:4)
  A water moccasin (D:7)
  A sky beast (D:6)
  An orc warrior (D:7)
  2 ice beasts (D:5)
  A necrophage (D:7)
  2 ogres
  A centaur (D:5)
  2 giant frogs (D:6)
  Blork the orc (D:5)
  12 wights
  A scorpion (D:5)
  A crimson imp (D:6)
  4 hounds
  2 jellies (D:6)
  5 orc priests
  A giant frog skeleton (D:6)
  3 orc wizards
  An iron imp (D:7)
  5 worker ants
  2 iguanas (D:4)
  A hound zombie (D:6)
  3 gnolls (D:6)
  A worker ant zombie (D:5)
  7 adders
  A shadow imp (D:3)
  An adder zombie (D:5)
  2 worms
  An adder skeleton (D:7)
  7 giant geckos
  16 orcs
  2 ball pythons
  4 bats
  A bat zombie (D:3)
  3 giant cockroaches
  4 goblins
  12 hobgoblins
  7 jackals
  6 kobolds
  6 quokkas
  2 giant newts
  10 rats
  2 rat zombies (D:3)
149 creatures vanquished.

Notes
Turn   | Place    | Note
--------------------------------------------------------------
     0 | D:1      | runewalsh the Octopode Gladiator began the quest for the Orb.
     0 | D:1      | Reached XP level 1. HP: 14/14 MP: 1/1
     0 | D:1      | runewalsh: test
   131 | D:1      | Reached XP level 2. HP: 16/19 MP: 2/2
   573 | D:2      | Reached XP level 3. HP: 8/24 MP: 3/3
   827 | D:2      | Found a glowing silver altar of Zin.
   830 | D:2      | Noticed an angel
   832 | D:2      | Found a shimmering altar of Xom.
   882 | D:2      | Found a shattered altar of Ashenzari.
   913 | D:2      | Found a deep blue altar of Sif Muna.
  1122 | D:2      | Reached skill level 4 in Axes
  1128 | D:2      | Became a worshipper of Ashenzari the Shackled
  1278 | D:2      | Gained mutation: Scrolls take you a little longer to read. [potion of mutation]
  1278 | D:2      | Gained mutation: Your natural rate of healing is unusually fast. [potion of mutation]
  1278 | D:2      | Gained mutation: Your mind is acute. (Int +2) [potion of mutation]
  1281 | D:2      | Reached XP level 4. HP: 6/30 MP: 4/4
  1299 | D:2      | HP: 1/30 [poisoned by an adder]
  1307 | D:2      | HP: 1/30 [poisoned by an adder]
  1313 | D:2      | HP: 1/30 [poisoned by an adder]
  1318 | D:2      | HP: 1/30 [poisoned by an adder]
  1765 | D:3      | Reached XP level 5. HP: 16/36 MP: 5/5
  2094 | D:3      | Found an ancient bone altar of Kikubaaqudgha.
  2218 | D:4      | Reached skill level 5 in Axes
  2218 | D:4      | Reached XP level 6. HP: 30/42 MP: 6/6
  2223 | D:4      | Noticed karlkraus's ghost (average MiFi)
  2428 | D:4      | Found a staircase to the Ecumenical Temple.
  2620 | D:4      | Noticed Menkaure
  2631 | D:4      | Killed Menkaure
  2631 | D:4      | Reached skill level 6 in Axes
  2631 | D:4      | Reached XP level 7. HP: 13/48 MP: 7/7
  2797 | D:5      | Entered Level 5 of the Dungeon
  2841 | D:5      | Noticed Blork the orc
  2847 | D:5      | Killed Blork the orc
  3002 | D:5      | Noticed asdu's ghost (experienced TrHu)
  3110 | D:4      | Gained mutation: You passively map a small area around you. [potion of mutation]
  3110 | D:4      | Lost mutation: Your mind is acute. (Int +2) [potion of mutation]
  3273 | D:4      | You fall through a shaft!
  3304 | D:5      | Reached skill level 7 in Axes
  3319 | D:5      | Reached skill level 5 in Fighting
  3437 | D:5      | Reached XP level 8. HP: 38/55 MP: 8/8
  3728 | D:6      | Reached skill level 8 in Axes
  3846 | D:6      | Acquired Ashenzari's first power
  3964 | D:6      | Noticed a moth of wrath
  3966 | D:6      | Found a bloodstained altar of Trog.
  4103 | D:6      | Found a white marble altar of Elyvilon.
  4269 | D:6      | Reached skill level 9 in Axes
  4348 | D:6      | Reached XP level 9. HP: 41/63 MP: 9/9
  4507 | D:6      | Found a shadowy altar of Dithmenos.
  4660 | D:6      | HP: 3/63 [wight/war axe (14)]
  4660 | D:6      | HP: 1/63 [wight/war axe (2)]
  4753 | D:6      | Reached skill level 10 in Axes
  5126 | D:7      | Found a snail-covered altar of Cheibriados.
  5296 | D:7      | HP: 3/64 [wight/enchanted war axe (13)]
  5500 | D:7      | Mangled by an orc warrior

Vault maps used:
D:1:      sevenhm_arrival_forest_fort_small_4, minmay_misc_feat_four_crosses,
          serial_park_tiny_pond
D:2:      grunt_temple_overflow_order_and_chaos_1,
          ashenzari_conservatory_becter, lemuel_blue_sif_altar
D:3:      lemuel_zombie_altar_kikubaaqudgha
D:4:      temple_statues, serial_bayou_pond_c, kennysheep_generic_room_9,
          uniq_menkaure
D:5:      first_bread, uniq_blork_the_orc
D:6:      tgw_trog, nicolae_dithmenos_the_darkroom, lemuel_statue_altar
D:7:      slow_altar_2, nicolae_overflow_hidden_temple, serial_shops,
          nicolae_shop_behind_doors

Action                   |  1- 3 |  4- 6 |  7- 9 || total
-------------------------+-------+-------+-------++-------
Melee: War axe           |    56 |    91 |   234 ||   381
 Abil: Evoke Flight      |     1 |       |       ||     1
Evoke: Wand              |       |       |     5 ||     5
  Use: Scroll            |     3 |     5 |     1 ||     9
       Potion            |     3 |     3 |     4 ||    10
 Stab: Sleeping          |     7 |     5 |     6 ||    18
  Eat: Chunk             |     1 |     6 |     7 ||    14
       Royal jelly       |       |       |     1 ||     1
